 Dungeon Crawl Stone Soup version 0.14-a0-1570-g671a4b6 (webtiles) character file.

138 HollowCharge the Ruinous (level 3, 0/26 HPs)
             Began as a Demigod Conjurer on Dec 20, 2013.
             Killed from afar by an orc wizard (3 damage)
             ... with a magic dart
             ... on Level 2 of the Dungeon.
             The game lasted 00:13:00 (1972 turns).

HollowCharge the Ruinous (Demigod Conjurer)         Turns: 1972, Time: 00:13:00

HP   0/26        AC  2     Str 11      XL: 3   Next: 33%
MP   1/2         EV 13     Int 21      God:
Gold 89          SH  0     Dex 16      Spells:  2 memorised,  3 levels left

rFire  + . .     SeeInvis .     i - +0,+2 hand axe (antimagic)
rCold  + . .     Clarity  .     a - +0 robe (curse)
rNeg   . . .     Conserve .     (no shield)
rPois  .         rCorr    .     (no helmet)
rElec  .         rRot     .     (no cloak)
SustAb . .       Spirit   .     (no gloves)
rMut   .         Warding  .     (no boots)
Saprov . . .     Stasis   .     (no amulet)
                                h - ring of protection from cold {unknown}
                                e - ring of protection from fire

@: slightly resistant to hostile enchantments, fairly stealthy
A: no striking features
a: no special abilities


You were on level 2 of the Dungeon.
You were near starving.

You visited 1 branch of the dungeon, and saw 3 of its levels.

You collected 89 gold pieces.

Inventory:

Hand weapons
 i - a +0,+2 anti-magic hand axe (weapon)
Armour
 a - a cursed +0 robe (worn)
Comestibles
 b - a bread ration
 d - a meat ration
Scrolls
 n - a scroll of teleportation {unknown}
 o - a scroll of remove curse {unknown}
 p - a scroll of curse jewellery {unknown}
Jewellery
 e - a ring of protection from fire (left hand)
 h - a ring of protection from cold (right hand) {unknown}
Potions
 f - 2 potions of agility
 g - a potion of speed {unknown}
 j - a potion of heal wounds {unknown}
 k - a potion of flight
 l - a potion of invisibility {unknown}
 m - a potion of restore abilities {unknown}
Books
 c - a book of Conjurations

   Spells                             Type                      Level
   *Magic Dart                        Conjuration                  1
   *Searing Ray                       Conjuration                  2
   Dazzling Spray                     Conjuration/Hexes            3
   Iskenderun's Mystic Blast          Conjuration                  4
   Iskenderun's Battlesphere          Conjuration/Charms           4
   Fulminant Prism                    Conjuration/Hexes            5


   Skills:
 + Level 2.4 Dodging
 - Level 1.7 Stealth
 + Level 2.3 Spellcasting
 + Level 4.1 Conjurations


You had 3 spell levels left.
You knew the following spells:

 Your Spells              Type           Power        Failure   Level  Hunger
a - Magic Dart            Conj           ###.         2%          1    #......
b - Searing Ray           Conj           ###...       4%          2    ##.....


Dungeon Overview and Level Annotations

Branches:
Dungeon (3/16)


Message History

The orc wizard's magic leaks into the air.
The orc wizard is heavily wounded.
The orc wizard misses you.
You closely miss the orc wizard.
The orc wizard is heavily wounded.
The orc wizard hits you with an orcish hand axe!
You barely miss the orc wizard.
The orc wizard is heavily wounded.
The orc wizard gestures wildly while chanting.
The orc wizard flickers and vanishes!
Deactivating autopickup; reactivate with Ctrl-A.
You start resting.
It hits you.
You hear some strange, mumbled words.
The puff of flame misses you.
There is a strange disturbance nearby!
You hear some strange, mumbled words.
The puff of flame hits you! You resist.
* * * LOW HITPOINT WARNING * * *
The magic dart hits you!
You die...

.# ##...#.###..#####..##.# .#
###.............#....##.# .#
#......##.##>##.#.##.....
.########.#.##.##.##.##..<.......
.............#.#.###.#######..#.#
#########.###...# #...######..#.#
#.......###.#.........#.#
######...##...######.##.#
#..@.{..........##.#
#...##############.#
#..................#
####################


There were no monsters in sight!

Vanquished Creatures
  An adder (D:2)
  A worm (D:2)
  An orc (D:3)
  A ball python (D:2)
  3 giant cockroaches
  8 goblins
  A hobgoblin (D:1)
  2 kobolds
  4 bats
  3 giant newts
  13 rats
38 creatures vanquished.

Notes
Turn   | Place    | Note
--------------------------------------------------------------
     0 | D:1      | HollowCharge, the Demigod Conjurer, began the quest for the Orb.
     0 | D:1      | Reached XP level 1. HP: 14/14 MP: 3/3
   815 | D:1      | Reached XP level 2. HP: 20/20 MP: 0/4
   934 | D:1      | Learned a level 2 spell: Searing Ray
  1118 | D:2      | Reached skill level 4 in Conjurations
  1376 | D:2      | Reached XP level 3. HP: 26/26 MP: 0/8
  1972 | D:2      | Killed from afar by an orc wizard

Action                   || total
-------------------------++-------
Melee: Hand axe          ||    58
       Unarmed           ||    13
 Cast: Magic Dart        ||    37
  Use: Scroll            ||     5
       Potion            ||     2
